TOP OF THE 1ST |
Jakarta Jazz batting - Pitching for New Zealand Seals : RHP Vinny Moya
|
Pitching: RHP Vinny Moya
|
|
Batting: RHB Yong-su Jung
|
0-0: Fly out, F9 (Flyball, 9, EV 87.5 MPH)
|
Batting: RHB Riyadi Djojopoespito
|
0-0: Swinging Strike 0-1: Called Strike 0-2: Strikes out swinging
|
Batting: LHB Abdul-Hamid Duqaq
|
0-0: Ball 1-0: Ball 2-0: Called Strike 2-1: Foul Ball, location: 2F 2-2: Ground out 2-3 (Groundball, 2L, EV 74.4 MPH)
|
Top of the 1st over - 0 runs, 0 hits, 0 errors, 0 left on base; Jakarta 0 - New Zealand 0 |
BOTTOM OF THE 1ST |
New Zealand Seals batting - Pitching for Jakarta Jazz : LHP Adisesan Nikitha
|
Pitching: LHP Adisesan Nikitha
|
|
Batting: SHB Harvey Withers
|
0-0: Ball 1-0: Foul Ball, location: 2F 1-1: Ball 2-1: Ball 3-1: Called Strike 3-2: Base on Balls
|
Batting: RHB Nour Sahere
|
0-0: Ball 1-0: Ball 2-0: Foul Ball, location: 25FF 2-1: Ball 3-1: Foul Ball, location: 2F 3-2: Hit by Pitch Harvey Withers to second
|
Batting: LHB Alan Khalifa
|
0-0: Ball 1-0: Foul Ball, location: 7LDF 1-1: DOUBLE (Line Drive, 7LM, EV 110.0 MPH) Harvey Withers scores Nour Sahere to third
|
Batting: RHB Ezana Yuhi
|
0-0: Ball 1-0: SINGLE (Line Drive, 7S, EV 86.3 MPH) Nour Sahere scores Alan Khalifa to third
|
Batting: RHB Semer Tajamali
|
0-0: Ball 1-0: Foul Ball, location: 9LMF 1-1: Ball 2-1: SINGLE (Groundball, 4MD, EV 98.8 MPH) Alan Khalifa scores Ezana Yuhi to second Runner from 2nd tries for 3rd, SAFE, throw by CF made at trailing runner, OUT! 8-6
|
Batting: RHB Aman Ampah
|
0-0: Foul Ball, location: 3SF 0-1: Foul Ball, location: 3SF 0-2: Foul Ball, location: 2F 0-2: Ball 1-2: Ground out 5-3 (Groundball, 56, EV 90.0 MPH) Ezana Yuhi scores
|
Batting: RHB Panut Subagja
|
0-0: SOLO HOME RUN (Flyball, 7LD, EV 93.1 MPH), Distance : 349 ft
|
Batting: RHB Guo-liang Yap
|
0-0: Ball 1-0: Called Strike 1-1: Foul Ball, location: 23F 1-2: Foul Ball, location: 2F 1-2: Foul Ball, location: 2F 1-2: Ball 2-2: Strikes out looking
|
Bottom of the 1st over - 5 runs, 4 hits, 0 errors, 0 left on base; Jakarta 0 - New Zealand 5 |
TOP OF THE 2ND |
Jakarta Jazz batting - Pitching for New Zealand Seals : RHP Vinny Moya
|
Batting: LHB Yanis Gomes
|
0-0: Foul Ball, location: 2RF 0-1: Ball 1-1: Ball 2-1: Ground out 6-3 (Groundball, 4MD, EV 97.5 MPH)
|
Batting: RHB Jordan Varona
|
0-0: Called Strike 0-1: Ball 1-1: Swinging Strike 1-2: Strikes out swinging
|
Batting: RHB Jing-sheng Yan
|
0-0: Ground out 5-3 (Groundball, 56S, EV 79.4 MPH)
|
Top of the 2nd over - 0 runs, 0 hits, 0 errors, 0 left on base; Jakarta 0 - New Zealand 5 |
BOTTOM OF THE 2ND |
New Zealand Seals batting - Pitching for Jakarta Jazz : LHP Adisesan Nikitha
|
Batting: LHB Wamochia Ambokile
|
0-0: Foul Ball, location: 2F 0-1: Called Strike 0-2: Ball 1-2: Ground out 4-3 (Groundball, 4, EV 103.1 MPH)
|
Batting: SHB Harvey Withers
|
0-0: Called Strike 0-1: Foul Ball, location: 2F 0-2: Strikes out swinging
|
Batting: RHB Nour Sahere
|
0-0: Fly out, F9 (Flyball, 89D, EV 110.6 MPH)
|
Bottom of the 2nd over - 0 runs, 0 hits, 0 errors, 0 left on base; Jakarta 0 - New Zealand 5 |
TOP OF THE 3RD |
Jakarta Jazz batting - Pitching for New Zealand Seals : RHP Vinny Moya
|
Batting: LHB Sentos Karsumaatmaja
|
0-0: Ball 1-0: Ball 2-0: Ball 3-0: Called Strike 3-1: Called Strike 3-2: Strikes out swinging
|
Batting: RHB Asmara Purbacaraka
|
0-0: Called Strike 0-1: Foul Ball, location: 9LMF 0-2: Ball 1-2: Ball 2-2: Strikes out swinging
|
Batting: SHB Negussu Addae
|
0-0: Called Strike 0-1: Swinging Strike 0-2: Strikes out swinging
|
Top of the 3rd over - 0 runs, 0 hits, 0 errors, 0 left on base; Jakarta 0 - New Zealand 5 |
BOTTOM OF THE 3RD |
New Zealand Seals batting - Pitching for Jakarta Jazz : LHP Adisesan Nikitha
|
Batting: LHB Alan Khalifa
|
0-0: Foul Ball, location: 2F 0-1: Ball 1-1: Ball 2-1: Fly out, F8 (Flyball, 8LD, EV 93.8 MPH)
|
Batting: RHB Ezana Yuhi
|
0-0: Ball 1-0: Foul Ball, location: 2LF 1-1: Ball 2-1: Fly out, F7 (Flyball, 7, EV 95.6 MPH)
|
Batting: RHB Semer Tajamali
|
0-0: Ball 1-0: Fly out, F7 (Flyball, 7, EV 76.9 MPH)
|
Bottom of the 3rd over - 0 runs, 0 hits, 0 errors, 0 left on base; Jakarta 0 - New Zealand 5 |
TOP OF THE 4TH |
Jakarta Jazz batting - Pitching for New Zealand Seals : RHP Vinny Moya
|
Batting: RHB Yong-su Jung
|
0-0: Ground out 5-3 (Groundball, 56S, EV 82.5 MPH)
|
Batting: RHB Riyadi Djojopoespito
|
0-0: Ball 1-0: Foul Ball, location: 2F 1-1: SOLO HOME RUN (Flyball, 9LD, EV 93.1 MPH), Distance : 342 ft
|
Batting: LHB Abdul-Hamid Duqaq
|
0-0: Ball 1-0: Foul Ball, location: 7LMF 1-1: Ground out U3 (Groundball, 3, EV 84.4 MPH)
|
Batting: LHB Yanis Gomes
|
0-0: Ball 1-0: Ball 2-0: SINGLE (Line Drive, 6MD, EV 100.6 MPH)
|
Batting: RHB Jordan Varona
|
0-0: Swinging Strike 0-1: Ball 1-1: Foul Ball, location: 3F 1-2: Ball 2-2: Strikes out swinging
|
Top of the 4th over - 1 run, 2 hits, 0 errors, 1 left on base; Jakarta 1 - New Zealand 5 |
BOTTOM OF THE 4TH |
New Zealand Seals batting - Pitching for Jakarta Jazz : LHP Adisesan Nikitha
|
Pitching: RHP Markus Hattunen
|
|
Batting: RHB Aman Ampah
|
0-0: Called Strike 0-1: Swinging Strike 0-2: Foul Ball, location: 23F 0-2: Strikes out swinging
|
Batting: RHB Panut Subagja
|
0-0: Ball 1-0: Foul Ball, location: 2F 1-1: Foul Ball, location: 2LF 1-2: Fly out, F8 (Flyball, 8LD, EV 100.6 MPH)
|
Batting: RHB Guo-liang Yap
|
0-0: Swinging Strike 0-1: Ball 1-1: Foul Ball, location: 9LDF 1-2: Strikes out swinging
|
Bottom of the 4th over - 0 runs, 0 hits, 0 errors, 0 left on base; Jakarta 1 - New Zealand 5 |
TOP OF THE 5TH |
Jakarta Jazz batting - Pitching for New Zealand Seals : RHP Vinny Moya
|
Batting: RHB Jing-sheng Yan
|
0-0: Ball 1-0: Called Strike 1-1: Ball 2-1: Foul Ball, location: 5F 2-2: Foul Ball, location: 7LDF 2-2: Foul Ball, location: 25FF 2-2: SINGLE (Groundball, 6MD, EV 95.0 MPH)
|
Batting: LHB Sentos Karsumaatmaja
|
0-0: Called Strike 0-1: Foul Ball, location: 5F 0-2: Strikes out swinging
|
Batting: RHB Asmara Purbacaraka
|
0-0: Ball 1-0: Ball 2-0: Called Strike 2-1: Fly out, F8 (Flyball, 8LD, EV 110.6 MPH)
|
Batting: SHB Negussu Addae
|
0-0: Ball 1-0: Foul Ball, location: 2F 1-1: Ground out 4-3 (Groundball, 4, EV 91.9 MPH)
|
Top of the 5th over - 0 runs, 1 hit, 0 errors, 1 left on base; Jakarta 1 - New Zealand 5 |
BOTTOM OF THE 5TH |
New Zealand Seals batting - Pitching for Jakarta Jazz : RHP Markus Hattunen
|
Pitching: RHP Matthieu Besnier
|
|
Batting: LHB Wamochia Ambokile
|
0-0: Ball 1-0: Foul Ball, location: 2F 1-1: Ball 2-1: SOLO HOME RUN (Flyball, 8LXD, EV 111.3 MPH), Distance : 424 ft
|
Batting: SHB Harvey Withers
|
0-0: Foul Ball, location: 7LDF 0-1: Ball 1-1: Swinging Strike 1-2: Ball 2-2: Ball 3-2: Ground out 4-3 (Groundball, 4, EV 96.3 MPH)
|
Batting: RHB Nour Sahere
|
0-0: Ball 1-0: Ground out 6-3 (Groundball, 6, EV 81.3 MPH)
|
Batting: LHB Alan Khalifa
|
0-0: Called Strike 0-1: Ball 1-1: Swinging Strike 1-2: SINGLE (Flyball, 56D, EV 88.8 MPH)
|
Pinch Hitting: RHB Panut Subagja
|
0-0: Called Strike 0-1: Ball 1-1: SINGLE (Line Drive, 78S, EV 104.4 MPH) Alan Khalifa to second
|
Batting: RHB Semer Tajamali
|
0-0: Ball 1-0: Foul Ball, location: 5FF 1-1: Ball 2-1: Called Strike 2-2: Fielders Choice at 3rd, U5 (Groundball, 5, EV 88.8 MPH)
|
Bottom of the 5th over - 1 run, 3 hits, 0 errors, 1 left on base; Jakarta 1 - New Zealand 6 |
TOP OF THE 6TH |
Jakarta Jazz batting - Pitching for New Zealand Seals : RHP Vinny Moya
|
Now in LF: Panut Subagja
|
|
Now in RF: Semer Tajamali
|
|
Pinch Hitting: SHB Edward Blair
|
0-0: Ball 1-0: Fly out, F5 (Popup, 5F, EV 83.1 MPH)
|
Pinch Hitting: LHB Ruben Barajas
|
0-0: Ball 1-0: Foul Ball, location: 5SF 1-1: Called Strike 1-2: Ball 2-2: Ball 3-2: SINGLE (Groundball, 34D, EV 93.8 MPH)
|
Pinch Hitting: RHB Srdjan Erkocevic
|
0-0: Ball 1-0: Called Strike 1-1: Swinging Strike 1-2: Ball 2-2: Foul Ball, location: 25F 2-2: Fly out, F3 (Line Drive, 3, EV 70.6 MPH)
|
Batting: LHB Jack Good
|
0-0: Ball 1-0: Foul Ball, location: 5FF 1-1: SINGLE (Groundball, 4MD, EV 103.8 MPH) Ruben Barajas to second Runner from 2nd tries for 3rd, SAFE, throw by CF made to third Jack Good to second
|
Pinch Hitting: RHB Kameswara Dhawan
|
0-0: Called Strike 0-1: Ball Wild Pitch! Ruben Barajas scores Jack Good to third 1-1: Ball 2-1: Called Strike 2-2: Ground out 5-3 (Groundball, 56, EV 89.4 MPH)
|
Top of the 6th over - 1 run, 2 hits, 0 errors, 1 left on base; Jakarta 2 - New Zealand 6 |
BOTTOM OF THE 6TH |
New Zealand Seals batting - Pitching for Jakarta Jazz : RHP Matthieu Besnier
|
Now at C: Dylan Constable
|
|
Now at 1B: Srdjan Erkocevic
|
|
Now at 2B: David Cuentas
|
|
Now at SS: Antonio Quiroz
|
|
Now in LF: Ruben Barajas
|
|
Now in CF: Kameswara Dhawan
|
|
Now in RF: Edward Blair
|
|
Pinch Hitting: RHB Pierre Michel
|
0-0: Called Strike 0-1: Foul Ball, location: 25FF 0-2: Strikes out swinging, 2-3 out at first.
|
Pinch Hitting: SHB Musa Butrus
|
0-0: Ball 1-0: Foul Ball, location: 2F 1-1: Foul Ball, location: 2F 1-2: SINGLE (Groundball, 3D, EV 100.6 MPH)
|
Batting: RHB Guo-liang Yap
|
0-0: Swinging Strike 0-1: Ball 1-1: Foul Ball, location: 2F 1-2: Foul Ball, location: 3FF 1-2: SINGLE (Groundball, 56D, EV 96.9 MPH) Musa Butrus to second
|
Pitching: RHP Alistair Walker
|
|
Batting: LHB Wamochia Ambokile
|
0-0: Ball 1-0: Fielders Choice at 2nd, 4-6 (Groundball, 4, EV 91.3 MPH) Musa Butrus to third
|
Batting: SHB Harvey Withers
|
0-0: Fly out, F5 (Popup, 5SF, EV 78.8 MPH)
|
Bottom of the 6th over - 0 runs, 2 hits, 0 errors, 2 left on base; Jakarta 2 - New Zealand 6 |
TOP OF THE 7TH |
Jakarta Jazz batting - Pitching for New Zealand Seals : RHP Vinny Moya
|
Pitching: RHP Diya al Din Atif
|
|
Now at 1B: Harvey Withers
|
|
Now at 2B: Pierre Michel
|
|
Now at 3B: Musa Butrus
|
|
Batting: RHB David Cuentas
|
0-0: Ball 1-0: SINGLE (Flyball, 89S, EV 99.4 MPH)
|
Batting: RHB Antonio Quiroz
|
0-0: Ball 1-0: DOUBLE (Groundball, 3L, EV 100.0 MPH) David Cuentas to third
|
Pinch Hitting: RHB Mahmud Kayibanda
|
0-0: Ball 1-0: Ball 2-0: Foul Ball, location: 2F 2-1: Fly out, F9 (Line Drive, 9, EV 86.9 MPH) Runner from 3rd tags up, SCORES, no throw by RF
|
Batting: RHB Dylan Constable
|
0-0: Called Strike 0-1: Ball 1-1: Called Strike 1-2: Ball 2-2: Ground out 6-3 (Groundball, 6, EV 106.9 MPH)
|
Batting: SHB Edward Blair
|
0-0: Ball 1-0: Ball 2-0: Swinging Strike 2-1: Foul Ball, location: 5F 2-2: Foul Ball, location: 5DF 2-2: Foul Ball, location: 7LMF 2-2: Ball 3-2: Strikes out swinging
|
Top of the 7th over - 1 run, 2 hits, 0 errors, 1 left on base; Jakarta 3 - New Zealand 6 |
BOTTOM OF THE 7TH |
New Zealand Seals batting - Pitching for Jakarta Jazz : RHP Alistair Walker
|
Pitching: RHP Thierry Monteil
|
|
Now at 3B: Mahmud Kayibanda
|
|
Batting: RHB Nour Sahere
|
0-0: Ball 1-0: Foul Ball, location: 2F 1-1: Swinging Strike 1-2: Ball 2-2: Hit by Pitch
|
Batting: LHB Alan Khalifa
|
0-0: Swinging Strike 0-1: Ball 1-1: Ball 2-1: Ball 3-1: Fielders Choice at 2nd, 1-6 (Groundball, 34S, EV 69.4 MPH)
|
Batting: RHB Panut Subagja
|
0-0: Ball 1-0: Swinging Strike 1-1: Swinging Strike 1-2: DOUBLE (Flyball, 8RXD, EV 111.3 MPH) Alan Khalifa to third
|
Batting: RHB Semer Tajamali
|
0-0: Ball 1-0: Foul Ball, location: 2RF 1-1: Fly out, F4 (Popup, 4S, EV 72.5 MPH)
|
Batting: RHB Pierre Michel
|
0-0: Ground out 4-3 (Groundball, 4, EV 78.8 MPH)
|
Bottom of the 7th over - 0 runs, 1 hit, 0 errors, 2 left on base; Jakarta 3 - New Zealand 6 |
TOP OF THE 8TH |
Jakarta Jazz batting - Pitching for New Zealand Seals : RHP Diya al Din Atif
|
Pitching: RHP Daryl Clark
|
|
Batting: LHB Ruben Barajas
|
0-0: Ball 1-0: Ball 2-0: Ball 3-0: Base on Balls
|
Pitching: RHP Vito Mulder
|
|
Batting: RHB Srdjan Erkocevic
|
0-0: SINGLE (Groundball, 4D, EV 95.6 MPH) Ruben Barajas to second
|
Batting: LHB Jack Good
|
0-0: Ball 1-0: Ball 2-0: Ball 3-0: Called Strike 3-1: Base on Balls Ruben Barajas to third Srdjan Erkocevic to second
|
Batting: RHB Kameswara Dhawan
|
0-0: Ball 1-0: Swinging Strike 1-1: Ball 2-1: Grounds into fielders choice 5-2 (Groundball, 25, EV 88.1 MPH) Srdjan Erkocevic to third Jack Good to second
|
Pinch Hitting: LHB Eneki Warrigal
|
0-0: Ball 1-0: Called Strike 1-1: Grounds into double play, 6-2-3 (Groundball, 6S, EV 83.1 MPH)
|
Top of the 8th over - 0 runs, 1 hit, 0 errors, 2 left on base; Jakarta 3 - New Zealand 6 |
BOTTOM OF THE 8TH |
New Zealand Seals batting - Pitching for Jakarta Jazz : RHP Thierry Monteil
|
Pitching: RHP Adam Thompson
|
|
Now at 2B: Eneki Warrigal
|
|
Batting: SHB Musa Butrus
|
0-0: Ball 1-0: Foul Ball, location: 2F 1-1: Ball 2-1: Swinging Strike 2-2: Foul Ball, location: 5F 2-2: Ground out 4-3 (Groundball, 4, EV 87.5 MPH)
|
Batting: RHB Guo-liang Yap
|
0-0: Ground out 4-3 (Groundball, 4, EV 103.1 MPH)
|
Batting: LHB Wamochia Ambokile
|
0-0: SINGLE (Groundball, 34S, EV 73.1 MPH) (infield hit)
|
Batting: SHB Harvey Withers
|
0-0: Ground out U3 (Groundball, 3, EV 79.4 MPH)
|
Bottom of the 8th over - 0 runs, 1 hit, 0 errors, 1 left on base; Jakarta 3 - New Zealand 6 |
TOP OF THE 9TH |
Jakarta Jazz batting - Pitching for New Zealand Seals : RHP Vito Mulder
|
Pitching: RHP Sukehiro Yamakawa
|
|
Batting: RHB Antonio Quiroz
|
0-0: Ground out 6-3 (Groundball, 6, EV 86.9 MPH)
|
Batting: RHB Mahmud Kayibanda
|
0-0: Called Strike 0-1: Ball 1-1: Ball 2-1: Ball 3-1: Base on Balls
|
Pinch Hitting: LHB David Cardenas
|
0-0: Called Strike 0-1: Fly out, F7 (Flyball, 78XD, EV 106.9 MPH)
|
Pinch Hitting: RHB Nhat Lu
|
0-0: DOUBLE (Line Drive, 78XD, EV 108.8 MPH) Mahmud Kayibanda to third
|
Pinch Hitting: LHB Sahn Son
|
0-0: Ball 1-0: Ball 2-0: Foul Ball, location: 23F 2-1: Ball 3-1: Swinging Strike 3-2: Foul Ball, location: 3FF 3-2: Foul Ball, location: 7LDF 3-2: Foul Ball, location: 3F 3-2: Foul Ball, location: 2F 3-2: Foul Ball, location: 23F 3-2: Strikes out swinging
|
Top of the 9th over - 0 runs, 1 hit, 0 errors, 2 left on base; Jakarta 3 - New Zealand 6 |
|